 Dungeon Crawl Stone Soup version 0.31.0-9-g3a7656b989 (webtiles) character file.

Game seed: 13399272901232381346

14550 qw the Skirmisher (level 11, 0/94 HPs)
             Began as a Demigod Hunter on Feb 2, 2024.
             Shot with an arrow by a centaur warrior (9 damage)
             ... on level 13 of the Dungeon.
             The game lasted 00:00:58 (9361 turns).

qw the Skirmisher (Demigod Hunter)                  Turns: 9361, Time: 00:00:58

Health: 0/94       AC:  7    Str: 12    XL:     11   Next: 59%
Magic:  14/14      EV: 25    Int: 11    God:
Gold:   621        SH:  0    Dex: 29    Spells: 10/10 levels left

rFire   . . .        q - +1 orcbow
rCold   . . .        (shield currently unavailable)
rNeg    + . .        m - +0 troll leather armour
rPois   .            (no helmet)
rElec   .            s - scarf {repulsion}
rCorr   .            e - +2 pair of gloves
SInv    .            p - +0 pair of boots
Will    +....        (no amulet)
Stlth   ++           f - +5 ring of evasion
HPRegen 1.15/turn    b - ring of positive energy
MPRegen 0.14/turn

%: repel missiles
@: about to teleport, marked
A: high MP 1, forlorn, divine attributes
a: no special abilities


You were on level 13 of the Dungeon.
You visited 1 branch of the dungeon, and saw 13 of its levels.

You collected 751 gold pieces.
You spent 130 gold pieces at shops.


Innate Abilities, Weirdness & Mutations

You have an increased reservoir of magic. (+10% MP)
You shall have no god before yourself.
Your divine heritage dramatically boosts your attributes as you level up.


   Skills:
 - Level 8.0 Fighting
 + Level 13.5 Ranged Weapons
 - Level 2.7 Armour
 - Level 9.0 Dodging
 - Level 0.8 Stealth


You had 10 spell levels left.
You didn't know any spells.
Your spell library was empty.

Inventory:

Hand Weapons
 q - a +1 orcbow (weapon)
Armour
 e - a +2 pair of gloves (worn)
 m - a +0 troll leather armour (worn)
 p - a +0 pair of boots (worn)
 r - a +1 cloak
 s - a scarf of repulsion (worn)
Jewellery
 b - a ring of positive energy (right hand)
 f - a +5 ring of evasion (left hand)
 l - a ring of ice
Wands
 o - a wand of roots (12)
 t - a wand of polymorph (11)
Scrolls
 k - 4 scrolls of identify
Potions
 c - a potion of resistance
 d - 3 potions of might
 h - 7 potions of curing
 n - a potion of cancellation

Dungeon Overview and Level Annotations

Branches:
Dungeon (14/15)            Temple (0/1) D:4            Lair (0/5) D:9
    Orc (0/2) D:11
 Vaults: D:13-14

Shops:
D:10 ?

Annotations:
D:2 1 runed translucent door, Crazy Yiuf


Message History

The centaur warrior kicks you but does no damage.
You shoot an arrow. The arrow hits the centaur warrior!!
The centaur warrior is heavily wounded.
The centaur warrior hits you! The centaur warrior barely misses you.
The cyclops completely misses you.
You shoot an arrow.
The arrow hits the centaur warrior but does no damage.
The centaur warrior is heavily wounded.
The centaur warrior completely misses you.
The centaur warrior kicks you.
A manticore comes into view.
You shoot an arrow.
The arrow hits the centaur warrior but does no damage.
The centaur warrior is heavily wounded.
The centaur warrior completely misses you.
The centaur warrior kicks you. The cyclops completely misses you.
The centaur warrior hits you but does no damage.
The centaur warrior closely misses you.
You shoot an arrow. The arrow hits the centaur warrior!!
The centaur warrior is almost dead.
The centaur warrior hits you!
The centaur warrior kicks you but does no damage.
The cyclops completely misses you.
You shoot an arrow. The arrow hits the centaur warrior!
You kill the centaur warrior!
You shoot an arrow. The arrow hits the cyclops.
The cyclops is lightly wounded.
A laughing skull comes into view.
The laughing skull closely misses you. The cyclops hits you!!
9360 ||| READING scroll of teleportation.
As you read the scroll of teleportation, it crumbles to dust.
You feel strangely unstable. The laughing skull barely misses you.
A centaur warrior comes into view.
The cyclops completely misses you.
You shoot an arrow.
The arrow closely misses the laughing skull.
The centaur warrior wields a +0 orcbow.
The centaur warrior shoots an arrow.
The arrow hits you!
You die...

# #####
#####=#z)c#
.....HC@#>#####
.(+...#.#.....#
### #.#.###.#
#=#.. #.###.
#.. !# #.# #
#.#


You could see a centaur warrior, a manticore, a cyclops and a laughing skull.

Vanquished Creatures
  A centaur warrior (D:13)
  A two-headed ogre (D:10)
  4 deep elf pyromancers
  2 cyclopes
  2 manticores
  A gargoyle (D:7)
  A komodo dragon (D:9)
  An unseen horror (D:11)
  A freezing wraith (D:10)
  A wind drake (shapeshifter) (D:14)
  2 trolls
  2 polar bears (D:10)
  Sigmund (D:5)
  A wyvern (D:9)
  2 shadows (D:11)
  2 vampires (D:9)
  A ynoxinul (D:8)
  3 wraiths
  12 yaks
  4 vampire mosquitoes (D:14)
  A steam dragon (D:7)
  An acid dragon (D:13)
  4 water moccasins
  Menkaure (D:5)
  3 orc warriors
  3 black bears
  A sky beast (D:6)
  2 ice beasts (D:6)
  An ogre (D:5)
  3 centaurs
  2 kobold brigands (D:8)
  3 scorpions (D:5)
  A bullfrog (D:8)
  10 wights
  10 killer bees (D:8)
  2 howler monkeys (D:4)
  2 jellies (D:5)
  7 orc priests
  4 hounds
  5 iguanas
  8 orc wizards
  2 sleepcaps (D:6)
  2 centaur simulacra (D:10)
  3 gnolls (D:4)
  10 adders
  A shadow imp (D:5)
  3 white imps
  5 ufetubi
  3 dart slugs
  42 orcs
  2 bats
  6 endoplasms
  3 giant cockroaches
  5 hobgoblins
  5 jackals
  4 quokkas
  A ball python (D:2)
  A frilled lizard (D:2)
  6 goblins
  12 kobolds
  4 rats
  A spectral goblin (D:5)
240 creatures vanquished.

Vanquished Creatures (others)
  An orc (D:11)
1 creature vanquished.

Grand Total: 241 creatures vanquished

Notes
Turn   | Place    | Note
-------+----------+-------------------------------------------
     0 | D:1      | qw the Demigod Hunter began the quest for the Orb.
     0 | D:1      | Reached XP level 1. HP: 17/17 MP: 3/3
     0 | D:1      | 0 ||| qw: Version: 0.3-a-155-g5e7d8dd
     0 | D:1      | 0 ||| qw: Game counter: 152
     0 | D:1      | 0 ||| qw: Melee chars always use a shield: true
     0 | D:1      | 0 ||| qw: God list: Okawaru
     0 | D:1      | 0 ||| qw: Allow faded altars: false
     0 | D:1      | 0 ||| qw: Do Orc after clearing Dungeon:15 true
     0 | D:1      | 0 ||| qw: Do second Lair branch before Depths: true
     0 | D:1      | 0 ||| qw: Lair rune preference: random
     0 | D:1      | 0 ||| qw: Goals: Normal
     0 | D:1      | 0 ||| PLANNING D:1-11
   386 | D:1      | Reached skill level 4 in Ranged Weapons
   513 | D:1      | Reached XP level 2. HP: 24/24 MP: 4/4
   742 | D:1      | 742 ||| UPGRADING to +0 pair of gloves.
   747 | D:1      | 747 ||| UPGRADING to +5 ring of evasion.
   748 | D:1      | 748 ||| READING scroll labelled YRGHAA HIYNAO.
   749 | D:1      | 749 ||| READING scroll labelled LISTA FEMM.
   749 | D:1      | 749 ||| IDENTIFYING emerald potion
   750 | D:1      | 750 ||| READING scroll labelled ESKIRA ZUPREME.
   754 | D:1      | 754 ||| READING scroll labelled GOTEYSAUSK.
   755 | D:1      | 755 ||| READING scroll labelled YKIQID DEPE.
   756 | D:1      | 756 ||| READING scroll labelled HACAQA SYWOUS.
   756 | D:1      | 756 ||| ENCHANTING +0 pair of gloves.
   757 | D:1      | 757 ||| DRINKING 3 bubbling black potions.
   758 | D:1      | 758 ||| DROPPING scroll of butterflies.
   911 | D:2      | Reached XP level 3. HP: 24/29 MP: 5/5
  1004 | D:2      | Found a runed translucent door.
  1005 | D:2      | Noticed Crazy Yiuf
  1331 | D:2      | 1331 ||| UPGRADING to +0 ring mail.
  1341 | D:2      | 1341 ||| DROPPING +0 leather armour.
  1342 | D:2      | 1342 ||| READING scroll of identify.
  1342 | D:2      | 1342 ||| IDENTIFYING viscous orange potion
  1343 | D:2      | 1343 ||| READING scroll labelled ROZUOST ONUCUE.
  1344 | D:2      | 1344 ||| READING scroll labelled AWNUSK BUICZU.
  1345 | D:2      | 1345 ||| DRINKING 2 fuming silvery potions.
  1346 | D:2      | 1346 ||| DROPPING potion of brilliance.
  1391 | D:3      | 1391 ||| RETREEEEATING.
  1392 | D:3      | 1392 ||| RETREEEEATING.
  1407 | D:3      | Reached skill level 5 in Ranged Weapons
  1407 | D:3      | Reached XP level 4. HP: 17/36 MP: 6/6
  1410 | D:3      | Reached skill level 1 in Armour
  1712 | D:3      | Reached XP level 5. HP: 39/41 MP: 7/7
  2180 | D:3      | 2180 ||| READING scroll of identify.
  2180 | D:3      | 2180 ||| IDENTIFYING murky clear potion
  2181 | D:3      | 2181 ||| READING scroll labelled NUEHEO BYAROM.
  2182 | D:3      | 2182 ||| READING scroll labelled CANES ZUBURPH.
  2261 | D:4      | Reached skill level 6 in Ranged Weapons
  2412 | D:4      | Reached skill level 3 in Fighting
  2412 | D:4      | Reached XP level 6. HP: 51/51 MP: 8/8
  2873 | D:4      | Found a staircase to the Ecumenical Temple.
  2925 | D:4      | Reached skill level 3 in Dodging
  3002 | D:4      | 3002 ||| UPGRADING to +0 cloak.
  3007 | D:4      | 3007 ||| READING scroll of identify.
  3007 | D:4      | 3007 ||| IDENTIFYING smoky brown potion
  3008 | D:4      | 3008 ||| READING scroll labelled CAUPIPPO MOFEA.
  3009 | D:4      | 3009 ||| DROPPING potion of degeneration.
  3052 | D:5      | Entered Level 5 of the Dungeon
  3202 | D:5      | Reached XP level 7. HP: 57/57 MP: 9/9
  3232 | D:5      | 3232 ||| ZAPPING wand of mindburst (5) at 3,0 (black bear;
                  | floor).
  3233 | D:5      | Reached skill level 7 in Ranged Weapons
  3340 | D:5      | Noticed Sigmund
  3341 | D:5      | 3341 ||| ZAPPING wand of mindburst (4) at -2,5 (Sigmund;
                  | floor).
  3342 | D:5      | 3342 ||| ZAPPING wand of mindburst (3) at -2,4 (Sigmund;
                  | floor).
  3342 | D:5      | Killed Sigmund
  3343 | D:5      | Reached skill level 8 in Ranged Weapons
  3634 | D:5      | Noticed Menkaure
  3638 | D:5      | 3638 ||| ZAPPING wand of mindburst (2) at -4,1 (Menkaure;
                  | floor).
  3639 | D:5      | 3639 ||| ZAPPING wand of mindburst (1) at -4,1 (Menkaure;
                  | floor).
  3641 | D:5      | Killed Menkaure
  3657 | D:5      | 3657 ||| FLEEEEING.
  3668 | D:5      | Reached XP level 8. HP: 40/67 MP: 10/10
  3770 | D:5      | 3770 ||| UPGRADING to ring of positive energy.
  3771 | D:5      | 3771 ||| READING scroll labelled YFAHUCA QOANEFI.
  3803 | D:5      | 3803 ||| READING scroll labelled JYOSOU NOESMEQ.
  3804 | D:5      | 3804 ||| DRINKING 2 dark potions.
  3805 | D:5      | 3805 ||| DRINKING 4 potions of curing.
  3805 | D:5      | 3805 ||| (to cure confusion)
  3806 | D:5      | 3806 ||| DRINKING 2 fizzy blue potions.
  3807 | D:5      | 3807 ||| DROPPING potion of ambrosia.
  3808 | D:5      | 3808 ||| DROPPING potion of invisibility.
  3810 | D:5      | 3810 ||| Stepping ~*~*~tactically~*~*~ (cloud).
  4264 | D:6      | Reached skill level 9 in Ranged Weapons
  4620 | D:6      | 4620 ||| SWAPPING to +0 orcbow.
  4621 | D:6      | 4621 ||| DROPPING +0 shortbow.
  4949 | D:6      | Reached XP level 9. HP: 74/74 MP: 11/11
  5038 | D:6      | 5038 ||| DROPPING wand of flame (18).
  5092 | D:7      | Noticed a gargoyle
  5106 | D:7      | Killed a gargoyle
  5186 | D:7      | 5186 ||| Stepping ~*~*~tactically~*~*~ (cloud).
  5187 | D:7      | 5187 ||| Stepping ~*~*~tactically~*~*~ (cloud).
  5194 | D:7      | Reached skill level 10 in Ranged Weapons
  5512 | D:7      | 5512 ||| READING scroll of enchant armour.
  5512 | D:7      | 5512 ||| ENCHANTING +1 pair of gloves.
  5545 | D:7      | Reached skill level 6 in Fighting
  5702 | D:7      | 5702 ||| UPGRADING to scarf of repulsion.
  5712 | D:7      | 5712 ||| DROPPING amulet of magic regeneration.
  5743 | D:8      | 5743 ||| STAIRDANCE
  5758 | D:8      | 5758 ||| STAIRDANCE
  5765 | D:8      | 5765 ||| STAIRDANCE
  5832 | D:8      | 5832 ||| RETREEEEATING.
  5834 | D:8      | 5834 ||| RETREEEEATING.
  5835 | D:8      | 5835 ||| RETREEEEATING.
  5837 | D:8      | 5837 ||| RETREEEEATING.
  5838 | D:8      | 5838 ||| RETREEEEATING.
  5964 | D:8      | 5964 ||| FLEEEEING.
  5965 | D:8      | 5965 ||| FLEEEEING.
  5978 | D:8      | Reached skill level 11 in Ranged Weapons
  6560 | D:8      | 6560 ||| RETREEEEATING.
  6562 | D:8      | 6562 ||| RETREEEEATING.
  6572 | D:8      | Reached skill level 6 in Dodging
  6720 | D:8      | 6720 ||| UPGRADING to +0 troll leather armour.
  6730 | D:8      | 6730 ||| DROPPING +0 ring mail.
  6731 | D:8      | 6731 ||| DRINKING 2 purple potions.
  6732 | D:8      | 6732 ||| DROPPING potion of attraction.
  6817 | D:9      | Noticed a deep elf pyromancer
  6818 | D:9      | 6818 ||| ZAPPING wand of paralysis (16) at 6,2 (deep elf
                  | pyromancer; floor).
  6819 | D:9      | 6819 ||| ZAPPING wand of paralysis (15) at 5,1 (deep elf
                  | pyromancer; floor).
  6820 | D:9      | 6820 ||| ZAPPING wand of paralysis (14) at 4,1 (deep elf
                  | pyromancer; floor).
  6820 | D:9      | Noticed a deep elf pyromancer
  6821 | D:9      | 6821 ||| ZAPPING wand of paralysis (13) at 4,1 (deep elf
                  | pyromancer; floor).
  6822 | D:9      | 6822 ||| RETREEEEATING.
  6823 | D:9      | Noticed a deep elf pyromancer
  6824 | D:9      | 6824 ||| RETREEEEATING.
  6830 | D:9      | 6830 ||| RETREEEEATING.
  6837 | D:9      | 6837 ||| ZAPPING wand of paralysis (12) at 0,1 (deep elf
                  | pyromancer; floor).
  6839 | D:9      | HP: 11/75 [deep elf pyromancer/bolt of fire (15)]
  6840 | D:9      | 6840 ||| READING 5 scrolls of teleportation.
  6841 | D:9      | 6841 ||| DRINKING 2 potions of heal wounds.
  6843 | D:9      | 6843 ||| RETREEEEATING.
  7037 | D:9      | 7037 ||| DRINKING 5 potions of curing.
  7037 | D:9      | 7037 ||| (to cure confusion)
  7050 | D:9      | Found a staircase to the Lair.
  7057 | D:9      | Reached XP level 10. HP: 83/83 MP: 13/13
  7124 | D:9      | 7124 ||| RETREEEEATING.
  7129 | D:9      | 7129 ||| RETREEEEATING.
  7131 | D:9      | 7131 ||| RETREEEEATING.
  7132 | D:9      | 7132 ||| RETREEEEATING.
  7134 | D:9      | 7134 ||| RETREEEEATING.
  7291 | D:9      | Killed a deep elf pyromancer
  7333 | D:9      | 7333 ||| ZAPPING wand of paralysis (11) at -7,3 (deep elf
                  | pyromancer; floor).
  7337 | D:9      | Killed a deep elf pyromancer
  7338 | D:9      | Reached skill level 12 in Ranged Weapons
  7525 | D:9      | Killed a deep elf pyromancer
  7968 | D:9      | 7968 ||| DROPPING +0 cloak.
  7969 | D:9      | 7969 ||| DROPPING ring of flight.
  8017 | D:10     | Entered Level 10 of the Dungeon
  8017 | D:10     | Found Paf Utoowu's Magic Scroll Shoppe.
  8026 | D:10     | 8026 ||| BUYING 3 scrolls of identify (78 gold).
  8026 | D:10     | Bought 3 scrolls of identify for 78 gold pieces
  8026 | D:10     | 8026 ||| BUYING scroll of identify (26 gold).
  8026 | D:10     | Bought a scroll of identify for 26 gold pieces
  8026 | D:10     | 8026 ||| BUYING scroll of identify (26 gold).
  8026 | D:10     | Bought a scroll of identify for 26 gold pieces
  8042 | D:10     | 8042 ||| RETREEEEATING.
  8043 | D:10     | 8043 ||| RETREEEEATING.
  8058 | D:10     | 8058 ||| RETREEEEATING.
  8059 | D:10     | 8059 ||| RETREEEEATING.
  8061 | D:10     | 8061 ||| RETREEEEATING.
  8063 | D:10     | 8063 ||| RETREEEEATING.
  8067 | D:10     | 8067 ||| RETREEEEATING.
  8068 | D:10     | 8068 ||| RETREEEEATING.
  8069 | D:10     | 8069 ||| RETREEEEATING.
  8070 | D:10     | 8070 ||| RETREEEEATING.
  8071 | D:10     | 8071 ||| RETREEEEATING.
  8198 | D:10     | Noticed a two-headed ogre
  8199 | D:10     | 8199 ||| ZAPPING wand of paralysis (10) at -2,7 (two-headed
                  | ogre; floor).
  8200 | D:10     | 8200 ||| ZAPPING wand of paralysis (9) at -1,6 (two-headed
                  | ogre; floor).
  8201 | D:10     | 8201 ||| ZAPPING wand of paralysis (8) at -1,5 (two-headed
                  | ogre; floor).
  8205 | D:10     | Killed a two-headed ogre
  8206 | D:10     | Reached XP level 11. HP: 92/92 MP: 14/14
  8403 | D:10     | Identified the +2 robe of Voduxiog {Str+6}
  8433 | D:10     | 8433 ||| RETREEEEATING.
  8439 | D:10     | 8439 ||| ZAPPING wand of paralysis (7) at 2,1 (freezing
                  | wraith; floor).
  8440 | D:10     | 8440 ||| RETREEEEATING.
  8441 | D:10     | 8441 ||| ZAPPING wand of paralysis (6) at 2,0 (freezing
                  | wraith; floor).
  8442 | D:10     | 8442 ||| ZAPPING wand of paralysis (5) at 2,0 (freezing
                  | wraith; floor).
  8455 | D:10     | 8455 ||| ZAPPING wand of paralysis (4) at 1,0 (polar bear;
                  | floor).
  8456 | D:10     | 8456 ||| ZAPPING wand of paralysis (3) at 1,0 (polar bear;
                  | floor).
  8457 | D:10     | 8457 ||| ZAPPING wand of paralysis (2) at 1,0 (polar bear;
                  | floor).
  8606 | D:10     | 8606 ||| UPGRADING to +0 pair of boots.
  8611 | D:10     | 8611 ||| DROPPING +1 leather armour of cold resistance.
  8612 | D:10     | 8612 ||| DROPPING +2 robe of Voduxiog {Str+6}.
  8613 | D:10     | 8613 ||| READING 6 scrolls of identify.
  8613 | D:10     | 8613 ||| IDENTIFYING sapphire potion
  8614 | D:10     | 8614 ||| READING 5 scrolls of identify.
  8614 | D:10     | 8614 ||| IDENTIFYING yellow potion
  8615 | D:10     | 8615 ||| READING 4 scrolls of identify.
  8615 | D:10     | 8615 ||| IDENTIFYING cyan potion
  8616 | D:10     | 8616 ||| DROPPING potion of magic.
  8617 | D:10     | 8617 ||| DROPPING potion of lignification.
  8621 | D:11     | 8621 ||| PLANNING BAZAAR
  8660 | D:11     | Reached skill level 13 in Ranged Weapons
  8757 | D:11     | Found a staircase to the Orcish Mines.
  8818 | D:11     | 8818 ||| Stepping randomly (disturbance).
  8819 | D:11     | 8819 ||| Stepping randomly (disturbance).
  8820 | D:11     | 8820 ||| Stepping randomly (disturbance).
  8821 | D:11     | 8821 ||| Stepping randomly (disturbance).
  9057 | D:11     | You fall into a shaft and drop 3 floors!
  9073 | D:14     | 9073 ||| RETREEEEATING.
  9077 | D:14     | Noticed an orc knight
  9082 | D:14     | 9082 ||| READING 5 scrolls of teleportation.
  9083 | D:14     | 9083 ||| ZAPPING wand of paralysis (1) at 1,-1 (enormous
                  | slime creature; floor).
  9153 | D:14     | HP: 17/94 [wind drake (shapeshifter)/the air (16)]
  9154 | D:14     | 9154 ||| READING 4 scrolls of teleportation.
  9154 | D:14     | HP: 5/94 [wind drake (shapeshifter)/the air (13)]
  9155 | D:14     | 9155 ||| DRINKING 2 potions of heal wounds.
  9165 | D:14     | HP: 22/94 [wind drake (shapeshifter)/the air (10)]
  9166 | D:14     | 9166 ||| READING 3 scrolls of teleportation.
  9167 | D:14     | 9167 ||| DRINKING potion of heal wounds.
  9178 | D:14     | HP: 20/94 [slime creature (17)]
  9179 | D:14     | 9179 ||| READING 2 scrolls of teleportation.
  9179 | D:14     | HP: 7/94 [slime creature (14)]
  9225 | D:14     | Reached skill level 9 in Dodging
  9291 | D:14     | Noticed a deep elf pyromancer
  9297 | D:14     | Killed a deep elf pyromancer
  9312 | D:14     | 9312 ||| READING 5 scrolls of identify.
  9312 | D:14     | 9312 ||| IDENTIFYING scroll labelled MEEKUFF CYIH
  9313 | D:14     | 9313 ||| READING scroll of enchant weapon.
  9313 | D:14     | 9313 ||| ENCHANTING +0 orcbow.
  9347 | D:13     | Noticed a centaur warrior
  9358 | D:13     | Killed a centaur warrior
  9359 | D:13     | HP: 7/94 [cyclops (21)]
  9360 | D:13     | 9360 ||| READING scroll of teleportation.
  9360 | D:13     | Noticed a centaur warrior
  9361 | D:13     | Shot with an arrow by a centaur warrior

Levels and vault maps discovered:
D:1:      dpeg_arrival_rooms_with_view, layout_loops_corners
D:2:      layout_rooms, uniq_crazy_yiuf_cottage
D:3:      layout_loops_cross, chequers_decorated_corner, minmay_crystal_room,
          grunt_decor_one_mirror
D:4:      layout_gridville, minmay_temple_entry_fiery
D:5:      kennysheep_six_static_rooms, layout_basic, grunt_qazlal_clouds,
          nicolae_hepliaklqana_monster_ancestors, jmf_multi_god_temple,
          minmay_misc_feat_pillars, serial_bayou_crossing, uniq_menkaure,
          uniq_sigmund
D:6:      layout_loops_cross
D:7:      layout_cave_pools, mainiacjoe_overflow_catwalk_spiral,
          mainiacjoe_overflow_paths, chequers_arboretum
D:8:      layout_loops_ring, nzn_overflow_gifts_of_might_and_magic
D:9:      layout_basic, nicolae_wu_jian_wuxing_cycle, david_lair_shrubbed,
          serial_library, serial_library_regret_index_small_wings,
          serial_library_hellmonk_metal_room,
          serial_library_hellmonk_layered_room,
          serial_library_regret_index_multi,
          serial_library_hellmonk_reading_circle, serial_library_hellmonk_room_a
D:10:     minmay_coctagon, layout_basic, nicolae_tso_carved_into_rock,
          nicolae_stop_n_shop_2
D:11:     layout_irregular_city, david_orc_2, serial_shops, freezing_bzr,
          chequers_serial_rivers_marsh
D:13:     layout_roguey, serial_shops, kennysheep_mini, minmay_st_funbox,
          minivault_19
D:14:     layout_irregular_city, david_vaults_3, hangedman_abyss_or_decor_stabs,
          fountainhead, minivault_11, minmay_misc_feat_iff

Skill      XL: |  1  2  3  4  5  6  7  8  9 10 11 |
---------------+----------------------------------+-----
Ranged Weapons | 4 5 6 8 9 11 12 13 | 13.5
Fighting       | 2 3 4 5 6 7 8 |  8.0
Dodging        | 2 3 4 6 8 9 |  9.0
Armour         | 1 2 |  2.7
Stealth        | |  0.8

Action                     |  1- 3 |  4- 6 |  7- 9 | 10-12 || total
---------------------------+-------+-------+-------+-------++-------
   Fire: Shortbow          |    83 |   209 |   168 |       ||   460
         Orcbow            |       |       |   240 |   358 ||   598
  Evoke: Wand              |       |       |    10 |    11 ||    21
    Use: Scroll            |     9 |     5 |     4 |    10 ||    28
         Potion            |     2 |       |     6 |     2 ||    10
 Armour: Leather armour    |    12 |       |       |       ||    12
         Ring mail         |     5 |    52 |    90 |       ||   147
         Troll leather arm |       |       |    13 |   100 ||   113
  Dodge: Dodged            |    27 |    92 |   203 |   169 ||   491
         Repelled          |       |       |     1 |     2 ||     3

Table legend:
 A = Non-vault XP
 B = Vault XP
 C = Vault XP percentage of total XP
 D = Non-vault monster count
 E = Vault monster count
 F = Vault count percentage of total count
                 A         B        C        D         E       F
            +---------+---------+-------+---------+---------+-------
      Total |   15606 |    5181 |  24.9 |     207 |      33 |  13.8
            +---------+---------+-------+---------+---------+-------
        D:1 |      17 |       3 |  15.0 |       9 |       2 |  18.2
        D:2 |      45 |       0 |   0.0 |      14 |       0 |   0.0
        D:3 |     226 |       0 |   0.0 |      29 |       0 |   0.0
        D:4 |     347 |       0 |   0.0 |      29 |       0 |   0.0
        D:5 |     649 |     811 |  55.5 |      18 |      12 |  40.0
        D:6 |    1313 |       0 |   0.0 |      21 |       0 |   0.0
        D:7 |    1200 |       0 |   0.0 |      11 |       0 |   0.0
        D:8 |    1232 |     496 |  28.7 |      22 |       2 |   8.3
        D:9 |    1317 |    2760 |  67.7 |      14 |       7 |  33.3
       D:10 |    3127 |     969 |  23.7 |      15 |       5 |  25.0
       D:11 |    2366 |     142 |   5.7 |      15 |       5 |  25.0
       D:13 |    1582 |       0 |   0.0 |       3 |       0 |   0.0
       D:14 |    2185 |       0 |   0.0 |       7 |       0 |   0.0
            +---------+---------+-------+---------+---------+-------
